 Dungeon Crawl Stone Soup version 0.25-a0-1126-g5fd7b56c60 (webtiles) character file.

Game seed: 11296565965048560102, levelgen mode: deterministic

194 Zarvil the Digger (level 5, -15/28 HPs)
             Began as a Gargoyle Earth Elementalist on May 19, 2020.
             Demolished by Menkaure (19 damage)
             ... in an ossuary.
             The game lasted 00:05:43 (1881 turns).

Zarvil the Digger (Gargoyle Earth Elementalist)     Turns: 1881, Time: 00:05:46

Health: -15/28     AC:  6    Str: 11    XL:     5   Next: 73%
Magic:  6/10       EV: 12    Int: 17    God:
Gold:   130        SH:  0    Dex: 10    Spells: 6/10 levels left

rFire    . . .     SeeInvis .   f - +2 short sword
rCold    . . .     Gourm    .   (no shield)
rNeg     + . .     Faith    .   c - +0 robe
rPois    ∞         Spirit   .   (no helmet)
rElec    +         Reflect  .   (no cloak)
rCorr    .         Harm     .   (no gloves)
MR       .....                  (no boots)
Stlth    +++.......             j - amulet of magic regeneration
HPRegen  0.09/turn              g - ring of stealth
MPRegen  0.37/turn              (no ring)

@: marked
A: negative energy resistance 1, electricity resistance, unbreathing,
petrification resistance, rot immunity, AC +4
a: no special abilities


You were in an ossuary.
You were not hungry.

You visited 1 branch of the dungeon, and saw 4 of its levels.
You also visited: Ossuary.

You collected 130 gold pieces.

Inventory:

Hand Weapons
 a - a +0 dagger
 f - a +2 short sword (weapon)
Missiles
 b - 88 stones (quivered)
Armour
 c - a +0 robe (worn)
Jewellery
 g - a ring of stealth (left hand)
 j - an amulet of magic regeneration (around neck)
Scrolls
 e - a scroll of fear
 i - 2 scrolls of remove curse
Potions
 l - a potion of flight
 m - a potion of brilliance
Comestibles
 d - a ration


   Skills:
 + Level 1.6 Short Blades
 - Level 1.5 Dodging
 - Level 2.1 Stealth
 + Level 3.4 Spellcasting
 + Level 2.1 Conjurations
   Level 0.7 Transmutations
 + Level 5.2 Earth Magic


You had 6 spell levels left.
You knew the following spells:

 Your Spells              Type           Power        Failure   Level  Hunger
a - Sandblast             Erth           ###...       1%          1    None
b - Stone Arrow           Conj/Erth      ###...       11%         3    ###....

Your spell library contained the following spells:

 Spells                   Type           Power        Failure   Level  Hunger
 Passwall                 Tmut/Erth      ##......     8%          2    ##.....
 Petrify                  Tmut/Erth      ##......     45%         4    ####...
 Lee's Rapid Deconstruct  Erth           ###.......   50%         5    ######.


Dungeon Overview and Level Annotations

Branches:
Dungeon (4/15)            Ossuary (1/1)
 Temple: D:4-7

Altars:
Hepliaklqana

Annotations:
Ossuary Menkaure


Innate Abilities, Weirdness & Mutations

You are resistant to torment.
Your stone body is resilient. (AC +4)
You are immune to poison.
You resist negative energy. (rN+)
You are resistant to electric shocks. (rElec)
You can survive without breathing.
You are immune to petrification.
You are immune to rotting.


Message History

Confirm with . or Enter, or press ? or * to list all spells.
Aiming: Sandblast (safe; 1% risk of failure)
Press: ? - help, Shift-Dir - straight line, f/p - mummy
Aim: a mummy (almost destroyed)
The blast of sand hits the mummy!
You destroy the mummy!
b - 89 stones Menkaure closely misses you.
Casting: Sandblast (safe; 1% risk of failure)
Confirm with . or Enter, or press ? or * to list all spells.
Aiming: Sandblast (safe; 1% risk of failure)
Press: ? - help, Shift-Dir - straight line, f - Menkaure
Aim: Menkaure The blast of sand hits Menkaure.
Menkaure is lightly damaged.
b - 88 stones A mummy comes into view.
Menkaure hits you!!
Ouch! That really hurt!
You die...

##..##..##....##..#
##..##..##..##.^##..
##..##..##..####.^##.
##..##..##.^## ##..##
##..##..##..## ##..#
##..##..##..## ##..
##.^##..##..## ##.
##..##..##..## ## ##^.##..##@.##
# ##..##..##M.## ##..##^.##...M
##..##..######################
##..##.........^.............^.
##^.############################
#...........^.......^........^..
################################


You could see Menkaure and a mummy.

Vanquished Creatures
  A howler monkey (D:4)
  2 worker ants (D:4)
  2 mummies
  2 gnolls (D:2)
  An adder (D:2)
  An ooze (D:3)
  A dart slug (D:3)
  3 leopard geckos
  A giant cockroach (D:1)
  2 hobgoblins (D:1)
  2 kobolds (D:1)
  A quokka (D:3)
  A frilled lizard (D:1)
  2 gnoll skeletons (Ossuary)
  A gnoll zombie (Ossuary)
  A goblin (D:3)
  3 goblin skeletons (Ossuary)
  5 goblin zombies (Ossuary)
  4 hobgoblin skeletons (Ossuary)
  2 hobgoblin zombies (Ossuary)
  6 kobold skeletons (Ossuary)
  7 kobold zombies (Ossuary)
  2 orc skeletons (Ossuary)
  7 orc zombies (Ossuary)
  5 rats
  3 rat skeletons (Ossuary)
  3 rat zombies (Ossuary)
71 creatures vanquished.

Notes
Turn   | Place    | Note
-------+----------+-------------------------------------------
     0 | D:1      | Zarvil the Gargoyle Earth Elementalist began the quest for
                  | the Orb.
     0 | D:1      | Reached XP level 1. HP: 10/10 MP: 3/3
   562 | D:1      | Reached skill level 4 in Earth Magic
   562 | D:1      | Reached XP level 2. HP: 15/15 MP: 5/5
  1010 | D:2      | Reached XP level 3. HP: 19/19 MP: 2/7
  1015 | D:2      | Learned a level 3 spell: Stone Arrow
  1034 | D:2      | You fall into a shaft and drop 1 floor!
  1242 | D:3      | Found a hazy altar of Hepliaklqana.
  1299 | D:3      | You fall into a shaft and drop 1 floor!
  1301 | D:4      | Reached skill level 1 in Short Blades
  1301 | D:4      | Reached skill level 1 in Conjurations
  1301 | D:4      | Reached XP level 4. HP: 24/24 MP: 5/8
  1341 | D:4      | Reached XP level 5. HP: 24/28 MP: 6/9
  1386 | D:4      | Reached skill level 5 in Earth Magic
  1399 | D:4      | Found a sand-covered staircase.
  1408 | Ossuary  | Entered an ossuary
  1875 | Ossuary  | Noticed Menkaure
  1881 | Ossuary  | Demolished by Menkaure

Illustrated notes

Levels and vault maps discovered:
D:1:      dpeg_arrival_rhombi, layout_basic
D:2:      layout_loops_cross, uniq_natasha
D:3:      layout_basic, nicolae_overflow_hidden_temple, portal_sewer_entry_d
D:4:      minmay_razor_zed, layout_loops_cross, gup_ossuary_entry_pyramid
Ossuary:  ossuary_due_pyramid

Skill      XL: |  1  2  3  4  5 |
---------------+----------------+-----
Earth Magic    | 4 5 |  5.2
Short Blades   | 1 |  1.6
Spellcasting   | 3 |  3.4
Conjurations   | 1 2 |  2.1
Dodging        | |  1.5
Stealth        | |  2.1
Transmutations | |  0.7

Action                   |  1- 3 |  4- 6 || total
-------------------------+-------+-------++-------
Melee: Short sword       |    40 |   128 ||   168
       Dagger            |     4 |       ||     4
 Cast: Sandblast         |    15 |    19 ||    34
  Use: Scroll            |     4 |     4 ||     8
       Potion            |       |     1 ||     1
 Stab: Sleeping          |     5 |     1 ||     6
  Eat: Chunk             |     1 |     1 ||     2
       Ration            |       |     1 ||     1
Armor: Robe              |     9 |    36 ||    45
Dodge: Dodged            |    32 |    64 ||    96

Table legend:
 A = Non-vault XP
 B = Vault XP
 C = Vault XP percentage of total XP
 D = Non-vault monster count
 E = Vault monster count
 F = Vault count percentage of total count
                 A         B        C        D         E       F
            +---------+---------+-------+---------+---------+-------
      Total |     142 |     136 |  48.9 |      22 |      47 |  68.1
            +---------+---------+-------+---------+---------+-------
        D:1 |      16 |       0 |   0.0 |       9 |       0 |   0.0
        D:2 |      45 |       0 |   0.0 |       4 |       0 |   0.0
        D:3 |      16 |       0 |   0.0 |       7 |       0 |   0.0
        D:4 |      65 |      75 |  53.6 |       2 |       3 |  60.0
    Ossuary |       0 |      61 | 100.0 |       0 |      44 | 100.0
            +---------+---------+-------+---------+---------+-------
